 Dungeon Crawl Stone Soup version 0.28.0-47-ge53b351184 (webtiles) character file.

Game seed: 2120388391025356065

16 Dreadrock the Skirmisher (level 2, -1/27 HPs)
             Began as a Minotaur Fighter on May 10, 2022.
             Slain by an adder (3 damage)
             ... on level 2 of the Dungeon.
             The game lasted 00:04:04 (1286 turns).

Dreadrock the Skirmisher (Minotaur Fighter)         Turns: 1286, Time: 00:04:05

Health: -1/27      AC:  7    Str: 20    XL:     2   Next: 37%
Magic:  1/1        EV:  9    Int:  5    God:
Gold:   39         SH:  4    Dex:  9    Spells: 1/1 levels left

rFire   . . .      SeeInvis .   a - +0 war axe
rCold   . . .      Faith    .   c - +0 buckler
rNeg    . . .      Spirit   .   b - +0 scale mail
rPois   .          Reflect  .   (helmet restricted)
rElec   .          Harm     .   (no cloak)
rCorr   .          Rampage  .   (no gloves)
Will    .....                   (no boots)
Stlth   ..........              (no amulet)
HPRegen 0.09/turn               (no ring)
MPRegen 0.07/turn               (no ring)

@: no status effects
A: horns 2, retaliatory headbutt
a: no special abilities


You were on level 2 of the Dungeon.
You visited 1 branch of the dungeon, and saw 2 of its levels.

You collected 39 gold pieces.

Inventory:

Hand Weapons
 a - a +0 war axe (weapon)
Armour
 b - a +0 scale mail (worn)
 c - a +0 buckler (worn)
Jewellery
 g - a ring of poison resistance
Scrolls
 i - a scroll of identify {unknown}
Potions
 d - 2 potions of might
 e - a potion of lignification {unknown}
 f - a potion of curing {unknown}
 h - a potion of resistance {unknown}
 j - a potion of berserk rage {unknown}


   Skills:
 + Level 3.9 Fighting
 + Level 2.6 Axes
 + Level 3.9 Armour
 + Level 3.9 Shields


You had one spell level left.
You didn't know any spells.
Your spell library was empty.

Dungeon Overview and Level Annotations

Branches:
Dungeon (2/15)

Altars:


Innate Abilities, Weirdness & Mutations

You have a pair of horns on your head.
You reflexively headbutt those who attack you in melee.


Message History

Found a hunting sling.
The gnoll shouts! x2
A gnoll comes into view. It is wielding a +0 spear.
The gnoll shouts!
Found a stone staircase leading down.
Found a whip.
The gnoll hits you with a +0 flail!
You slash the gnoll!
The gnoll is severely wounded.
The gnoll hits you with a +0 flail!
The gnoll hits you from afar with a +0 spear.
* * * LOW HITPOINT WARNING * * *
The gnoll barely misses you. The gnoll hits you but does no damage.
An adder comes into view.
The adder hisses angrily.
There are monsters nearby!
There are monsters nearby!
A quokka comes into view.
The adder bites you.
* * * LOW HITPOINT WARNING * * *
You are poisoned.
The adder poisons you!
* * * LOW HITPOINT WARNING * * *
You feel sick.
* * * LOW HITPOINT WARNING * * *
You feel sick. The adder barely misses you.
* * * LOW HITPOINT WARNING * * *
You feel sick.
* * * LOW HITPOINT WARNING * * *
You feel sick.
* * * LOW HITPOINT WARNING * * *
You feel sick. The adder barely misses you.
* * * LOW HITPOINT WARNING * * *
You feel sick.
You are no longer poisoned.
The adder closely misses you. You furiously retaliate!
You headbutt the adder. You block the adder's attack. The adder bites you.
You die...

.#.#.# #......# .#.#.#
#).....#.........
.#.#.###......#........#
.#.....g...............#
.#...###...>..#........#
.#...#####.####.......
.................... .##
.#....####.###.##.#.....
.........g.g.g.S@.......
.##...###..###.##.#.....
.###†.# #..# #.# .# .##
......# #..# #.# .#
................ .#
......###.####.# .#
......# #.# #.. ..
####..# #.# #.. .# ....


You could see 3 gnolls and an adder.

Vanquished Creatures
  A bat (D:2)
  An endoplasm (D:1)
  A hobgoblin (D:1)
  4 jackals (D:1)
  A quokka (D:1)
  2 frilled lizards (D:1)
  2 kobolds (D:1)
  2 rats (D:1)
14 creatures vanquished.

Vanquished Creatures (others)
  12 plants (D:1)
12 creatures vanquished.

Grand Total: 26 creatures vanquished

Notes
Turn   | Place    | Note
-------+----------+-------------------------------------------
     0 | D:1      | Dreadrock the Minotaur Fighter began the quest for the Orb.
     0 | D:1      | Reached XP level 1. HP: 19/19 MP: 0/0
   378 | D:1      | Reached XP level 2. HP: 24/27 MP: 1/1
  1279 | D:2      | HP: 1/27 [poisoned by an adder]
  1286 | D:2      | Slain by an adder

Illustrated notes

Levels and vault maps discovered:
D:1:      nicolae_arrival_washed_ashore, layout_rooms,
          chequers_serial_rivers_micro_d, kennysheep_another_room,
          serial_bayou_lagoon_a
D:2:      layout_basic, shapermc_ecumenical_altar_acropolis,
          kennysheep_nondescript, minmay_3d_cube, uniq_crazy_yiuf_cottage

Action                   || total
-------------------------++-------
Melee: War axe           ||    39
       Headbutt          ||     5
Armor: Scale mail        ||    15
Dodge: Dodged            ||    17
Block: Buckler           ||     9
